 Dungeon Crawl Stone Soup version 0.31.0-9-g3a7656b989 (webtiles) character file.

Game seed: 4846813310565305455

114 qw the Shooter (level 4, 0/23 HPs)
             Began as a Spriggan Hunter on Feb 2, 2024.
             Succumbed to their own poison gas
             ... on level 4 of the Dungeon.
             The game lasted 00:00:06 (1031 turns).

qw the Shooter (Spriggan Hunter)                    Turns: 1031, Time: 00:00:06

Health: 0/23       AC:  2    Str:  7    XL:     4   Next: 66%
Magic:  5/5        EV: 20    Int: 10    God:
Gold:   134        SH:  0    Dex: 20    Spells: 3/3 levels left

rFire   . . .        a - +1 shortbow
rCold   . . .        (shield currently unavailable)
rNeg    . . .        c - +0 robe
rPois   .            (helmet restricted)
rElec   .            (no cloak)
rCorr   .            (gloves unavailable)
SInv    +            (boots unavailable)
Will    .....        (no amulet)
Stlth   ++           (no ring)
HPRegen 0.23/turn    (no ring)
MPRegen 0.09/turn

%: no passive effects
@: lethally poisoned (0 -> -27), very quick
A: very small, no large weapons, unfitting armour, see invisible, speed 3
a: no special abilities


You were on level 4 of the Dungeon.
You visited 1 branch of the dungeon, and saw 3 of its levels.

You collected 134 gold pieces.


Innate Abilities, Weirdness & Mutations

You are very small and have problems with some larger weapons.
You are too small for most types of armour.
You have supernaturally acute eyesight. (SInv)
You cover ground extremely quickly. (Speed+++)


   Skills:
 + Level 1.8 Fighting
 - Level 5.0 Ranged Weapons
 - Level 5.0 Dodging
 - Level 1.5 Stealth


You had 3 spell levels left.
You didn't know any spells.
Your spell library was empty.

Inventory:

Hand Weapons
 a - a +1 shortbow (weapon)
Armour
 c - a +0 robe (worn)
Scrolls
 f - 2 scrolls of teleportation
Potions
 b - a potion of might {unknown}
 d - 2 potions of curing
 g - a potion of mutation {unknown}

Dungeon Overview and Level Annotations

Branches:
Dungeon (4/15)
 Temple: D:4-7

Altars:

Portals:
Sewer: D:4


Message History

1008 ||| PLANNING SEWER
d - 3 potions of curing (gained 1)
There is a stone staircase leading up here.
You now have 134 gold pieces (gained 14).
Found a glowing drain.
1020 ||| READING scroll labelled XAILEP LAUROY.
As you read the scroll labelled XAILEP LAUROY, it crumbles to dust.
It is a scroll of enchant weapon.
1020 ||| ENCHANTING +0 shortbow.
Your +0 shortbow glows red for a moment.
1021 ||| READING scroll labelled ZIERRAUKESA.
The air fills with toxic fumes!
As you read the scroll labelled ZIERRAUKESA, it crumbles to dust.
It was a scroll of poison.
Sorry, I don't know how to get there.
Enter note: You are engulfed in poison gas.
You are poisoned.
You feel very sick.
1023 ||| Stepping ~*~*~tactically~*~*~ (cloud).
You feel sick.
1024 ||| DRINKING 3 potions of curing.
You feel better.
1024 ||| (to cure poison)
A kobold comes into view. It is wielding a +0 club.
You are engulfed in poison gas.
You are poisoned.
You feel sick.
1026 ||| Stepping ~*~*~tactically~*~*~ (cloud).
You feel sick.
You start resting.
You feel sick. x2
A kobold is nearby!
1029 ||| FLEEEEING.
You are engulfed in poison gas.
You are lethally poisoned!
You feel very sick.
1030 ||| Stepping ~*~*~tactically~*~*~ (cloud).
You feel sick.
1031 ||| FLEEEEING.
You are engulfed in poison gas.
You are more poisoned.
You die...

...#...~~~\~ #......##
#¤0#0¤.0¤0¤~~~
........###0¤¤¤¤#¤¤~~0~~
.........¤0¤¤¤0¤0¤0~K¤~.
.........0¤¤00¤¤0¤#¤¤0#.
.........¤¤¤¤¤¤¤¤¤¤¤¤0..
.........00000¤000¤¤¤0..
.........¤0¤¤¤0.¤¤¤¤¤¤..
#........¤¤¤¤0¤0@¤¤¤¤0..
..#...#..¤¤¤¤00¤¤¤00¤0..
########.¤00¤¤¤00¤0¤¤0..
##0¤0¤¤0¤00¤¤¤¤..
#0¤0¤¤¤¤0¤00¤0..
##0000¤¤¤0¤0¤¤..
#..............
#..............
................


You could see a kobold (wandering).

Vanquished Creatures
  4 gnolls (D:2)
  3 adders (D:2)
  A dart slug (D:1)
  2 endoplasms (D:1)
  4 goblins
  4 hobgoblins
  4 jackals (D:1)
  3 kobolds
  4 quokkas
  5 ball pythons
  5 bats
  3 frilled lizards
  7 rats
49 creatures vanquished.

Notes
Turn   | Place    | Note
-------+----------+-------------------------------------------
     0 | D:1      | qw the Spriggan Hunter began the quest for the Orb.
     0 | D:1      | Reached XP level 1. HP: 10/10 MP: 2/2
     0 | D:1      | 0 ||| qw: Version: 0.3-a-155-g5e7d8dd
     0 | D:1      | 0 ||| qw: Game counter: 2696
     0 | D:1      | 0 ||| qw: Melee chars always use a shield: true
     0 | D:1      | 0 ||| qw: God list: Okawaru
     0 | D:1      | 0 ||| qw: Allow faded altars: false
     0 | D:1      | 0 ||| qw: Do Orc after clearing Dungeon:15 true
     0 | D:1      | 0 ||| qw: Do second Lair branch before Depths: true
     0 | D:1      | 0 ||| qw: Lair rune preference: random
     0 | D:1      | 0 ||| qw: Goals: Normal
     0 | D:1      | 0 ||| PLANNING D:1-11
    27 | D:1      | Reached skill level 3 in Dodging
    63 | D:1      | Reached XP level 2. HP: 14/14 MP: 3/3
   335 | D:1      | Reached XP level 3. HP: 18/18 MP: 4/4
   455 | D:1      | 455 ||| READING scroll labelled ZOROUL JICZADGH.
   456 | D:1      | 456 ||| READING scroll labelled KOFECAH VUCH.
   460 | D:1      | 460 ||| READING scroll labelled ZOTER TUOCH.
   460 | D:1      | 460 ||| IDENTIFYING 2 inky potions
   461 | D:1      | 461 ||| READING scroll labelled DUFFATW TEAXOR.
   462 | D:1      | 462 ||| DROPPING scroll of butterflies.
   615 | D:2      | 615 ||| RETREEEEATING.
   617 | D:2      | 617 ||| RETREEEEATING.
   619 | D:2      | 619 ||| RETREEEEATING.
   628 | D:2      | Reached XP level 4. HP: 12/22 MP: 5/5
   632 | D:2      | 632 ||| FLEEEEING.
   633 | D:2      | 633 ||| FLEEEEING.
   634 | D:2      | 634 ||| FLEEEEING.
   635 | D:2      | 635 ||| FLEEEEING.
   636 | D:2      | 636 ||| FLEEEEING.
   637 | D:2      | 637 ||| FLEEEEING.
   638 | D:2      | 638 ||| FLEEEEING.
   639 | D:2      | 639 ||| FLEEEEING.
   640 | D:2      | 640 ||| FLEEEEING.
   641 | D:2      | 641 ||| FLEEEEING.
   642 | D:2      | 642 ||| FLEEEEING.
   646 | D:2      | 646 ||| FLEEEEING.
   647 | D:2      | 647 ||| FLEEEEING.
   650 | D:2      | 650 ||| FLEEEEING.
   651 | D:2      | 651 ||| FLEEEEING.
   652 | D:2      | 652 ||| FLEEEEING.
   653 | D:2      | 653 ||| FLEEEEING.
   654 | D:2      | 654 ||| FLEEEEING.
   655 | D:2      | 655 ||| FLEEEEING.
   656 | D:2      | 656 ||| FLEEEEING.
   657 | D:2      | 657 ||| FLEEEEING.
   658 | D:2      | 658 ||| FLEEEEING.
   659 | D:2      | 659 ||| FLEEEEING.
   660 | D:2      | 660 ||| FLEEEEING.
   665 | D:2      | 665 ||| FLEEEEING.
   666 | D:2      | 666 ||| FLEEEEING.
   667 | D:2      | 667 ||| FLEEEEING.
   668 | D:2      | 668 ||| FLEEEEING.
   669 | D:2      | 669 ||| FLEEEEING.
   670 | D:2      | 670 ||| FLEEEEING.
   671 | D:2      | 671 ||| FLEEEEING.
   672 | D:2      | 672 ||| FLEEEEING.
   997 | D:2      | You fall into a shaft and drop 2 floors!
  1008 | D:4      | 1008 ||| PLANNING SEWER
  1019 | D:4      | Found a glowing drain.
  1020 | D:4      | 1020 ||| READING scroll labelled XAILEP LAUROY.
  1020 | D:4      | 1020 ||| ENCHANTING +0 shortbow.
  1021 | D:4      | 1021 ||| READING scroll labelled ZIERRAUKESA.
  1023 | D:4      | 1023 ||| Stepping ~*~*~tactically~*~*~ (cloud).
  1024 | D:4      | 1024 ||| DRINKING 3 potions of curing.
  1024 | D:4      | 1024 ||| (to cure poison)
  1026 | D:4      | 1026 ||| Stepping ~*~*~tactically~*~*~ (cloud).
  1029 | D:4      | 1029 ||| FLEEEEING.
  1030 | D:4      | 1030 ||| Stepping ~*~*~tactically~*~*~ (cloud).
  1031 | D:4      | 1031 ||| FLEEEEING.
  1031 | D:4      | HP: 4/23 [cloud of poison gas (2)]
  1031 | D:4      | Succumbed to their own poison gas

Levels and vault maps discovered:
D:1:      minmay_arrival_five_plusses, layout_rooms,
          amcnicky_mini_rare_corridor_liquid, nicolae_kite_square_tiling_tiny,
          corexii_item_surrounded_by_moat, minmay_misc_feat_tower
D:2:      layout_basic, dreamdust_princess_corridor, chequers_jeans,
          corexii_corridor_pit
D:4:      layout_layer_cave, minmay_temple_entry_overgrown,
          cheibrodos_sewer_entry_drain, grunt_ministairs_6, minmay_door_square,
          solitary_fountain, uniq_duvessa

Skill      XL: |  1  2  3  4 |
---------------+-------------+-----
Dodging        | 3 4 5 |  5.0
Ranged Weapons | 5 |  5.0
Fighting       | |  1.8
Stealth        | |  1.5

Action                     |  1- 3 |  4- 6 || total
---------------------------+-------+-------++-------
   Fire: Shortbow          |    90 |    35 ||   125
    Use: Scroll            |     4 |     2 ||     6
         Potion            |       |     1 ||     1
 Armour: Robe              |    11 |     4 ||    15
  Dodge: Dodged            |    26 |    12 ||    38

Table legend:
 A = Non-vault XP
 B = Vault XP
 C = Vault XP percentage of total XP
 D = Non-vault monster count
 E = Vault monster count
 F = Vault count percentage of total count
                 A         B        C        D         E       F
            +---------+---------+-------+---------+---------+-------
      Total |     163 |       0 |   0.0 |      49 |       0 |   0.0
            +---------+---------+-------+---------+---------+-------
        D:1 |      46 |       0 |   0.0 |      28 |       0 |   0.0
        D:2 |     117 |       0 |   0.0 |      21 |       0 |   0.0
            +---------+---------+-------+---------+---------+-------
